 Dungeon Crawl Stone Soup version 0.30.0-29-ga12c61a403 (webtiles) character file.

Game seed: 11345360334084344481

576 Peloso the Slasher (level 7, -14/61 HPs)
             Began as a Minotaur Fighter on June 8, 2023.
             Demolished by an ogre
             ... wielding a +0 giant spiked club
              (21 damage)
             ... on level 4 of the Dungeon.
             The game lasted 00:05:58 (2481 turns).

Peloso the Slasher (Minotaur Fighter)               Turns: 2481, Time: 00:05:59

Health: -14/61     AC: 10    Str: 21    XL:     7   Next: 13%
Magic:  6/6        EV:  8    Int:  5    God:
Gold:   540        SH:  5    Dex: 11    Spells: 6/6 levels left

rFire   . . .        a - +0 long sword
rCold   . . .        c - +0 buckler
rNeg    . . .        b - +0 chain mail
rPois   .            (helmet restricted)
rElec   .            (no cloak)
rCorr   .            (no gloves)
SInv    .            (no boots)
Will    .....        (no amulet) Stlth
                     (no ring)
HPRegen 0.30/turn    (no ring)
MPRegen 0.10/turn

%: no passive effects
@: no status effects
A: horns 2, retaliatory headbutt
a: no special abilities


You were on level 4 of the Dungeon.
You visited 1 branch of the dungeon, and saw 4 of its levels.

You collected 696 gold pieces.
You spent 156 gold pieces at shops.

Inventory:

Hand Weapons
 a - a +0 long sword (weapon)
Armour
 b - a +0 chain mail (worn)
 c - a +0 buckler (worn)
Jewellery
 h - a +6 ring of intelligence
 k - a ring of wizardry
Scrolls
 e - 2 scrolls of fog
 f - 3 scrolls of identify
 i - 2 scrolls of fear
Potions
 d - a potion of might
 g - a potion of flight {unknown}
 j - a potion of mutation {unknown}


   Skills:
 + Level 5.3 Fighting
 + Level 6.2 Long Blades
 + Level 5.6 Armour
 + Level 1.7 Dodging
 + Level 0.3 Stealth
 + Level 4.7 Shields


You had 6 spell levels left.
You didn't know any spells.
Your spell library contained the following spells:

 Spells                   Type           Power      Damage    Failure   Level
 Shock                    Conj/Air       0%         1d3       99%         1
 Call Canine Familiar     Summ           0%         N/A       100%        3
 Portal Projectile        Hex/Tloc       0%         N/A       100%        3
 Swiftness                Air            0%         N/A       100%        3
 Airstrike                Air            0%         2d(0-16)  100%        4
 Leda's Liquefaction      Hex/Erth       0%         N/A       100%        4
 Lee's Rapid Deconstruct  Erth           0%         3d4*      100%        5
 Statue Form              Tmut/Erth      0%         N/A       100%        6


Dungeon Overview and Level Annotations

Branches:
Dungeon (4/15)
 Temple: D:4-7

Altars:
Cheibriados
Hepliaklqana
Kikubaaqudgha
Uskayaw
Yredelemnul

Shops:
D:3 (


Innate Abilities, Weirdness & Mutations

You have a pair of horns on your head.
You reflexively headbutt those who attack you in melee.


Message History

Key pressed, stopping explore.
You open the door.
An ogre comes into view. It is wielding a +0 giant spiked club.
The ogre shouts!
An adder comes into view.
There is an open door here.
There are monsters nearby!
You barely miss the ogre.
The adder hisses angrily.
You headbutt the ogre.
The ogre is lightly wounded.
You hear an angry hiss.
The ogre barely misses you.
You barely miss the ogre. You headbutt the ogre.
The ogre is moderately wounded.
The ogre hits you with a +0 giant spiked club!
A ball python comes into view.
The ball python hisses angrily.
You closely miss the ogre.
The ogre is moderately wounded.
The ogre hits you with a +0 giant spiked club!
You hit the ogre.
The ogre is heavily wounded.
You barely miss the ogre.
The ogre is heavily wounded.
The ogre hits you with a +0 giant spiked club!!
* * * LOW HITPOINT WARNING * * *
You barely miss the ogre.
The ogre is heavily wounded.
You block the ogre's attack.
You hit the ogre but do no damage. You headbutt the ogre!
The ogre is almost dead.
The ogre hits you with a +0 giant spiked club!
* * * LOW HITPOINT WARNING * * *
You hit the ogre.
The ogre is almost dead.
You barely miss the ogre.
The ogre is almost dead.
The ogre hits you with a +0 giant spiked club!!
You die...

..... ....# #....##
#.....## ###......#####
.............#
SO....SS.....# ## #O#
#.......
##@#######.......
#######.......#.......#
..........)...>.(....#
.........)[.........#
.....#####..........+
....##(((##.........##
###.#(#(#(#..........##
#.#..#((#.......)...##
#.#.#.#.#............#


You could see an ogre, 8 dancing weapons, an adder and a ball python.

Vanquished Creatures
  Grinder (D:3)
  Duvessa (D:4)
  A scorpion (D:4)
  Dowan (D:4)
  Natasha (twice) (D:3)
  3 adders
  4 worms
  2 dart slugs
  5 orcs
  7 ball pythons
  An endoplasm (D:3)
  6 giant cockroaches
  8 goblins
  6 hobgoblins
  2 jackals (D:4)
  3 quokkas
  9 bats
  4 frilled lizards
  4 kobolds
  8 rats
78 creatures vanquished.

Notes
Turn   | Place    | Note
-------+----------+-------------------------------------------
     0 | D:1      | Peloso the Minotaur Fighter began the quest for the Orb.
     0 | D:1      | Reached XP level 1. HP: 19/19 MP: 0/0
   141 | D:1      | Found a faded altar of an unknown god.
   176 | D:1      | Reached XP level 2. HP: 27/27 MP: 1/1
   590 | D:2      | Reached XP level 3. HP: 17/33 MP: 2/2
   595 | D:2      | Reached skill level 3 in Long Blades
   684 | D:2      | Found a basalt altar of Yredelemnul.
  1282 | D:2      | Identified a scroll of acquirement
  1282 | D:2      | Acquired 487 gold pieces
  1306 | D:3      | Noticed Grinder
  1373 | D:3      | Found a snail-covered altar of Cheibriados.
  1373 | D:3      | Found Maistrini's Antique Weapon Emporium.
  1391 | D:3      | Reached XP level 4. HP: 41/41 MP: 3/3
  1417 | D:3      | Bought a glowing long sword for 156 gold pieces
  1454 | D:3      | Found a hazy altar of Hepliaklqana.
  1458 | D:3      | Identified the +0 sling of Disaster {heavy, rPois Str+3
                  | Int-2 Stlth+}
  1526 | D:3      | Found an ancient bone altar of Kikubaaqudgha.
  1768 | D:3      | Noticed Natasha
  1772 | D:3      | Killed Natasha
  1797 | D:3      | Paralysed by Grinder for 2 turns
  1805 | D:3      | Paralysed by Grinder for 3 turns
  1809 | D:3      | Killed Grinder
  1810 | D:3      | Reached skill level 5 in Long Blades
  1810 | D:3      | Reached skill level 5 in Armour
  1810 | D:3      | Reached skill level 1 in Dodging
  1810 | D:3      | Reached XP level 5. HP: 33/47 MP: 4/4
  1810 | D:3      | Reached XP level 6. HP: 38/55 MP: 5/5
  1979 | D:3      | Noticed Natasha
  1991 | D:3      | Killed Natasha
  2224 | D:4      | Reached skill level 5 in Fighting
  2280 | D:4      | Noticed a +0 short sword
  2280 | D:4      | Noticed a +0 dagger
  2280 | D:4      | Noticed a +0 spear
  2281 | D:4      | Noticed a +0 falchion
  2281 | D:4      | Noticed a +0 dagger
  2282 | D:4      | Noticed a +0 falchion
  2282 | D:4      | Noticed a +0 spear
  2282 | D:4      | Noticed a +0 short sword
  2284 | D:4      | Found a hide-covered altar of Uskayaw.
  2286 | D:4      | Noticed Dowan
  2305 | D:4      | Noticed Duvessa
  2308 | D:4      | Killed Dowan
  2318 | D:4      | Killed Duvessa
  2319 | D:4      | Reached skill level 6 in Long Blades
  2319 | D:4      | Reached XP level 7. HP: 18/61 MP: 6/6
  2481 | D:4      | Demolished by an ogre

Illustrated notes

Levels and vault maps discovered:
D:1:      nagdon_arrival_double_spiral, layout_rooms,
          hellmonk_ecumenical_altar_arch_garden, item_on_display_a
D:2:      layout_basic, basic_altar
D:3:      layout_rooms, cheibriados_altar_1, mainiacjoe_overflow_paths,
          general_overflow_altar, serial_shops, shop, minmay_distorted,
          uniq_grinder, uniq_natasha
D:4:      layout_basic, nicolae_uskayaw_en_pointe, mainiacjoe_overflow_alcove_1,
          minmay_temple_entry_junction, nicolae_hexahallways, nrook_uturn,
          st_stairs_6, uniq_crazy_yiuf_cottage, uniq_duvessa, uniq_blork_the_orc

Skill      XL: |  1  2  3  4  5  6 |
---------------+-------------------+-----
Fighting       | 4 5 |  5.3
Armour         | 4 5 |  5.6
Long Blades    | 3 5 6 |  6.2
Shields        | 4 |  4.7
Dodging        | 1 |  1.7
Stealth        | |  0.3

Action                     |  1- 3 |  4- 6 |  7- 9 || total
---------------------------+-------+-------+-------++-------
  Melee: Long sword        |   106 |   108 |    10 ||   224
         Headbutt          |    19 |    14 |     4 ||    37
    Use: Scroll            |     5 |     1 |       ||     6
         Potion            |     1 |     3 |       ||     4
 Armour: Scale mail        |    47 |    39 |       ||    86
  Dodge: Dodged            |    51 |    49 |     1 ||   101
  Block: Buckler           |    30 |    23 |     1 ||    54
